 Dungeon Sprint DCSS version 0.17-a0-1497-g03599f7 (webtiles) character file.

2275 nuthulu the Thaumaturge (level 9, -2/67 HPs)
             Began as a Deep Elf Fire Elementalist on July 6, 2015.
             Was a High Priest of Vehumet.
             Slain by a spiny frog (7 damage)
             ... in the Dungeon (Sprint V: "Ziggurat Sprint").
             The game lasted 00:03:31 (432 turns).

nuthulu the Thaumaturge (Deep Elf Fire Elementalist) Turns: 432, Time: 00:03:31

Health: -2/67      AC:  4    Str: 12    XL:     9   Next: 16%
Magic:  15/28      EV:  2    Int: 34    God:    Vehumet [*****.]
Gold:   0          SH:  0    Dex: 15    Spells: 5 memorised, 19 levels left

rFire  . . .     SeeInvis +     J - staff of wizardry
rCold  . . .     Clarity  .     a - +0 robe
rNeg   + + +     SustAt   .     (no shield)
rPois  ∞         Gourm    .     s - +1 helmet {SInv}
rElec  .         Spirit   .     (no cloak)
rCorr  .         Warding  .     (no gloves)
rMut   .         NoTele   +     (no boots)
MR     .....                    (no amulet)
Stlth  ..........               E - +6 ring of intelligence
                                F - +6 ring of intelligence

@: berserking (expiring), petrified, not resistant to hostile enchantments,
extremely unstealthy
A: no striking features
a: Renounce Religion


You were in the Dungeon.
You worshipped Vehumet.
Vehumet was extremely pleased with you.
You were not hungry.

You visited 1 branch

Inventory:

Hand weapons
 I - a +5 quick blade
Armour
 a - a +0 robe (worn)
 s - a +1 helmet of see invisible (worn)
Magical staves
 J - an uncursed staff of wizardry (weapon)
Jewellery
 C - a +6 ring of dexterity
 D - a +6 ring of dexterity
 E - a +6 ring of intelligence (right hand)
 F - a +6 ring of intelligence (left hand)
 G - a +6 ring of strength
 H - a +6 ring of strength
Magical devices
 y - a wand of disintegration (7)
 z - a wand of fire (3)
 A - a wand of cold (5)
 B - a wand of draining (5)
Scrolls
 i - 4 scrolls of blinking
 p - 4 scrolls of amnesia
 q - 3 scrolls of recharging
 r - 7 scrolls of fog
 t - 5 scrolls of identify
 u - 5 scrolls of remove curse
 v - 2 scrolls of fear
Potions
 d - 10 potions of curing
 e - 8 potions of heal wounds
 f - 6 potions of haste
 g - 7 potions of magic
 h - 2 potions of berserk rage
 j - 2 potions of brilliance
 k - 2 potions of invisibility
 l - 4 potions of resistance
 n - 5 potions of agility
 o - 5 potions of might
Books
 b - a book of Flames

   Spells                             Type                      Level
   a - Flame Tongue                   Conjuration/Fire             1
   b - Throw Flame                    Conjuration/Fire             2
   c - Conjure Flame                  Conjuration/Fire             3
   d - Inner Flame                    Hexes/Fire                   3
   e - Sticky Flame                   Conjuration/Fire             4
   f - Fireball                       Conjuration/Fire             5
 m - a book of Callings

   Spells                             Type                      Level
   a - Summon Small Mammal            Summoning                    1
   b - Call Imp                       Summoning                    2
   c - Call Canine Familiar           Summoning                    3
   d - Summon Guardian Golem          Hexes/Summoning              3
   e - Summon Lightning Spire         Summoning/Air                4
   f - Summon Ice Beast               Ice/Summoning                4
Comestibles
 c - 5 bread rations
 w - 42 fruits
 x - 4 meat rations


   Skills:
 + Level 12.4 Dodging
 - Level 2.4 Stealth
 + Level 13.6 Spellcasting
 + Level 11.4 Conjurations
 + Level 11.8 Fire Magic


You had 19 spell levels left.
You knew the following spells:

 Your Spells              Type           Power        Failure   Level  Hunger
a - Flame Tongue          Conj/Fire      #####        0%          1    None
b - Fireball              Conj/Fire      #######...   1%          5    None
c - Call Canine Familiar  Summ           ###.....     3%          3    None
d - Summon Guardian Gole  Hex/Summ       ###.....     3%          3    None
e - Summon Lightning Spi  Summ/Air       ###.....     9%          4    None


Dungeon Overview and Level Annotations

Branches:
Dungeon (1/1)

Altars:
Ashenzari
Cheibriados
Dithmenos
Elyvilon
Fedhas
Gozag
Kikubaaqudgha
Makhleb
Nemelex Xobeh
Okawaru
Qazlal
Ru
Sif Muna
Trog
Vehumet
Xom
Yredelemnul
Zin
The Shining One
Beogh
Jiyva
Lugonu


Message History

The wolf bites you.
Your lightning spire shoots out a bolt of lightning at the basilisk!
The bolt of electricity hits the spiny frog.
The bolt of electricity hits the basilisk.
The basilisk dies!
Vehumet accepts your kill. The spiny frog stings you.
* * * LOW HITPOINT WARNING * * *
The iguana bites your lightning spire! The wolf bites you!
* * * LOW HITPOINT WARNING * * *
The wolf bites you!
* * * LOW HITPOINT WARNING * * *
The spiny frog stings you!
* * * LOW HITPOINT WARNING * * *
The iguana bites your lightning spire. The wolf bites you.
* * * LOW HITPOINT WARNING * * *
The spiny frog stings you!
You die...

▓..=)=..▓
▓..)":..▓
▓.......▓
▓.......▓
▓.......▓
▓...l...▓
▓..8F...▓
▓..h@...▓
▓▓▓▓▓▓▓▓▓


You could see a spiny frog, a wolf, an iguana and a friendly lightning spire.

Vanquished Creatures
  2 deep elf knights (D)
  A deep elf mage (D)
  A chaos spawn (D)
  2 deep elf fighters (D)
  A porcupine (D)
  3 giant frogs (D)
  A quasit (D)
  3 orc priests (D)
  2 sheep (D)
  A white imp (D)
  3 orcs (D)
20 creatures vanquished.

Vanquished Creatures (collateral kills)
  A basilisk (D)
1 creature vanquished.

Vanquished Creatures (others)
  A spatial maelstrom (D)
1 creature vanquished.

Grand Total: 22 creatures vanquished

Notes
Turn   | Place    | Note
--------------------------------------------------------------
     0 | D        | nuthulu the Deep Elf Fire Elementalist began the quest for the Orb.
     0 | D        | Reached XP level 1. HP: 10/10 MP: 6/6
     0 | D        | Found a roughly hewn altar of Beogh.
     0 | D        | Found a corrupted altar of Lugonu.
     0 | D        | Found a viscous altar of Jiyva.
     0 | D        | Found a white marble altar of Elyvilon.
     0 | D        | Found a sparkling altar of Nemelex Xobeh.
     0 | D        | Found a burning altar of Makhleb.
     0 | D        | Found an iron altar of Okawaru.
     0 | D        | Found a deep blue altar of Sif Muna.
     0 | D        | Found a radiant altar of Vehumet.
     0 | D        | Found a bloodstained altar of Trog.
     0 | D        | Found a shimmering altar of Xom.
    17 | D        | Banished a spatial maelstrom
    26 | D        | Became a worshipper of Vehumet
    31 | D        | Reached skill level 4 in Dodging
    31 | D        | Reached skill level 5 in Spellcasting
    31 | D        | Reached skill level 5 in Fire Magic
    31 | D        | Reached XP level 2. HP: 15/15 MP: 6/10
    68 | D        | Entered arena 1.
    68 | D        | Noticed an orc priest
    68 | D        | Noticed an orc priest
    69 | D        | Killed an orc priest
    69 | D        | Reached skill level 5 in Dodging
    69 | D        | Reached skill level 6 in Spellcasting
    69 | D        | Reached XP level 3. HP: 19/19 MP: 10/12
    71 | D        | Killed an orc priest
    71 | D        | Reached skill level 5 in Conjurations
    71 | D        | Reached XP level 4. HP: 15/24 MP: 9/14
   184 | D        | Entered arena 2.
   184 | D        | Noticed a chaos spawn
   184 | D        | Noticed a quasit
   185 | D        | Killed a chaos spawn
   185 | D        | Acquired Vehumet's first power
   185 | D        | Offered knowledge of Magic Dart by Vehumet.
   185 | D        | Reached skill level 7 in Dodging
   185 | D        | Reached skill level 8 in Spellcasting
   185 | D        | Reached XP level 5. HP: 28/28 MP: 15/18
   185 | D        | Killed a quasit
   185 | D        | Reached skill level 9 in Spellcasting
   192 | D        | Learned a level 5 spell: Fireball
   210 | D        | Learned a level 3 spell: Call Canine Familiar
   210 | D        | Entered arena 3.
   210 | D        | Noticed an orc priest
   214 | D        | Killed an orc priest
   214 | D        | Reached XP level 6. HP: 32/32 MP: 7/20
   293 | D        | Entered arena 4.
   293 | D        | Noticed a giant frog
   293 | D        | Noticed a giant frog
   293 | D        | Noticed a porcupine
   294 | D        | Acquired Vehumet's second power
   294 | D        | Killed a giant frog
   295 | D        | Killed a giant frog
   295 | D        | Reached skill level 10 in Spellcasting
   295 | D        | Killed a porcupine
   295 | D        | Reached XP level 7. HP: 36/36 MP: 13/23
   300 | D        | Learned a level 3 spell: Summon Guardian Golem
   350 | D        | Entered arena 5.
   350 | D        | Noticed a deep elf fighter
   350 | D        | Noticed a deep elf fighter
   350 | D        | Noticed a deep elf knight
   350 | D        | Noticed a deep elf mage
   350 | D        | Noticed a deep elf knight
   353 | D        | Killed a deep elf mage
   353 | D        | Offered knowledge of Sandblast by Vehumet.
   353 | D        | Acquired Vehumet's third power
   353 | D        | Reached skill level 10 in Dodging
   353 | D        | Reached skill level 11 in Spellcasting
   353 | D        | Killed a deep elf fighter
   353 | D        | Killed a deep elf fighter
   353 | D        | Reached skill level 10 in Fire Magic
   355 | D        | Killed a deep elf knight
   355 | D        | Reached skill level 12 in Spellcasting
   355 | D        | Reached skill level 10 in Conjurations
   355 | D        | Reached XP level 8. HP: 30/41 MP: 11/26
   363 | D        | Killed a deep elf knight
   363 | D        | Reached skill level 13 in Spellcasting
   363 | D        | Reached XP level 9. HP: 36/45 MP: 7/28
   369 | D        | Learned a level 4 spell: Summon Lightning Spire
   422 | D        | Entered arena 6.
   422 | D        | Noticed a wolf
   422 | D        | Noticed a spiny frog
   422 | D        | Noticed an iguana
   422 | D        | Noticed a giant frog
   422 | D        | Noticed a basilisk
   423 | D        | Killed a giant frog
   430 | D        | Killed a basilisk
   432 | D        | Slain by a spiny frog

Vault maps used:
D:        sprint_v

Action                   |  1- 3 |  4- 6 |  7- 9 || total
-------------------------+-------+-------+-------++-------
 Cast: Flame Tongue      |       |     3 |     3 ||     6
       Fireball          |       |     3 |     6 ||     9
       Summon Guardian G |       |       |     1 ||     1
       Summon Lightning  |       |       |     1 ||     1
Evoke: Wand              |     2 |       |       ||     2
  Use: Potion            |     1 |       |     3 ||     4
       Scroll            |       |     1 |       ||     1
